 Dungeon Crawl Stone Soup version 0.24.0-1-gfbc8707122 (console) character file.

Game seed: 8020399432542770910, levelgen mode: deterministic

273 AlterAsc the Sneak (level 6, -5/32 HPs)
             Began as a Vampire Enchanter on Oct 28, 2019.
             Killed from afar by an orc wizard (6 damage)
             ... with a puff of flame
             ... on level 4 of the Dungeon.
             The game lasted 00:13:18 (3156 turns).

AlterAsc the Sneak (Vampire Enchanter)              Turns: 3156, Time: 00:13:19

Health: -5/32      AC:  2    Str:  9    XL:     6   Next: 3%
Magic:  1/11       EV: 13    Int: 18    God:
Gold:   132        SH:  3    Dex: 14    Spells: 9/12 levels left

rFire    . . .     SeeInvis +   b - +1 short sword (freeze)
rCold    + + .     Gourm    .   (no shield)
rNeg     + + +     Faith    .   c - +0 robe
rPois    ∞         Spirit   .   (no helmet)
rElec    .         Reflect  +   (no cloak)
rCorr    .         Harm     .   (no gloves)
MR       .....                  (no boots)
Stlth    +++++.....             k - +3 amulet of reflection
HPRegen  0.00/turn              (no ring)
MPRegen  0.12/turn              (no ring)

@: bloodless, regenerating quickly, hasted, very quick
A: no food, fangs 3, see invisible, unbreathing
a: Bat Form, Revivify


You were on level 4 of the Dungeon.
You were bloodless.

You visited 1 branch of the dungeon, and saw 4 of its levels.

You collected 132 gold pieces.

Inventory:

Hand Weapons
 a - a +1 dagger
 b - a +1 short sword of freezing (weapon)
 s - a +3 quarterstaff of protection
Armour
 c - a +0 robe (worn)
 r - a +0 leather armour
Jewellery
 k - a +3 amulet of reflection (around neck)
 m - an uncursed amulet of the acrobat {unknown}
Wands
 q - a wand of flame (17)
Scrolls
 d - a scroll of fear {unknown}
 f - 7 scrolls of identify {unknown}
 g - a scroll of blinking {unknown}
 h - 2 scrolls of teleportation {unknown}
 j - a scroll of amnesia {unknown}
 l - 2 scrolls of enchant armour {unknown}
 n - a scroll of noise {unknown}
 o - a scroll of fog {unknown}
 v - a scroll of immolation {unknown}
 w - a scroll of remove curse {unknown}
Potions
 e - a potion of haste
 i - a potion of agility {unknown}
 p - a potion of curing {unknown}
 t - a potion of degeneration {unknown}
 u - 2 potions of might {unknown}
 x - a potion of flight {unknown}


   Skills:
 - Level 1.6 Short Blades
 - Level 2.5 Dodging
 * Level 6.8 Stealth
 * Level 3.5 Spellcasting
 * Level 6.5 Hexes


You had 9 spell levels left.
You knew the following spells:

 Your Spells              Type           Power        Failure   Level  Hunger
a - Corona                Hex            ####...      1%          1    N/A
b - Ensorcelled Hibernat  Hex/Ice        ##....       6%          2    N/A

Your spell library contained the following spells:

 Spells                   Type           Power        Failure   Level  Hunger
 Confuse                  Hex            ####....     3%          3    N/A
 Tukima's Dance           Hex            ####....     3%          3    N/A
 Dazzling Spray           Conj/Hex       ##....       12%         3    N/A

Dungeon Overview and Level Annotations

Branches:
Dungeon (4/15)
 Temple: D:4-7

Altars:

Annotations:
D:3 2 runed translucent doors, Dwingvatt99's ghost, amateur GrFi


Innate Abilities, Weirdness & Mutations

You do not eat.
You do not regenerate when monsters are visible.
You are frail without blood (-20% HP).
You can heal yourself when you bite living creatures.
You are immune to poison.
You have razor-sharp teeth.
You have supernaturally acute eyesight. (SInv)
You can survive without breathing.


Message History

You hit the orc wizard but do no damage.
You hit the orc wizard. You freeze the orc wizard.
The orc wizard is moderately wounded.
You closely miss the orc wizard.
The orc wizard is moderately wounded.
The orc wizard hits you with a +0 dagger!
The orc wizard gestures at you while chanting.
The puff of flame hits you!
* * * LOW HITPOINT WARNING * * *
The orc wizard hits you with a +0 dagger.
* * * LOW HITPOINT WARNING * * *
The orc wizard hits you but does no damage.
You block the giant cockroach's attack.
The orc wizard hits you with a +0 dagger.
* * * LOW HITPOINT WARNING * * *
The orc wizard hits you but does no damage.
It was a potion of haste.
You feel yourself speed up. The orc wizard casts a spell at you.
The puff of flame hits you.
You die...

#............#
#............#
#............#
#............#
#............#
#............# #
#............# #
#.......os...# #
#%......o@...# ###
#............# #..
#............# #..
#............###########..
###########.).)...........
#..............#
#..............#
.%#######################
...................# ####


You could see 2 orc wizards and a giant cockroach.

Vanquished Creatures
  A bullfrog (D:3)
  Natasha (thrice) (D:2)
  An iguana (D:4)
  An adder (D:2)
  4 oozes
  3 leopard geckos
  10 orcs
  2 ball pythons
  A giant cockroach (D:2)
  5 goblins
  10 hobgoblins
  3 jackals (D:1)
  3 quokkas
  9 bats
  2 frilled lizards (D:3)
  8 kobolds
  A quokka skeleton (D:4)
  7 rats
74 creatures vanquished.

Notes
Turn   | Place    | Note
-------+----------+-------------------------------------------
     0 | D:1      | AlterAsc the Vampire Enchanter began the quest for the Orb.
     0 | D:1      | Reached XP level 1. HP: 13/13 MP: 3/3
   169 | D:1      | Reached XP level 2. HP: 19/19 MP: 5/5
   215 | D:1      | Learned a level 2 spell: Ensorcelled Hibernation
   591 | D:1      | Reached XP level 3. HP: 23/24 MP: 3/6
   684 | D:1      | Reached skill level 5 in Stealth
  1096 | D:2      | Noticed Natasha
  1099 | D:2      | Killed Natasha
  1099 | D:2      | Reached skill level 5 in Hexes
  1271 | D:2      | Reached XP level 4. HP: 30/30 MP: 7/7
  1284 | D:2      | Noticed Natasha
  1294 | D:2      | Killed Natasha
  1397 | D:2      | Noticed Natasha
  1406 | D:2      | Killed Natasha
  1753 | D:3      | Reached XP level 5. HP: 33/35 MP: 6/9
  2007 | D:3      | Found a runed translucent door.
  2012 | D:3      | Noticed Dwingvatt99's ghost (amateur GrFi)
  2915 | D:3      | Found a runed translucent door.
  3084 | D:4      | Reached XP level 6. HP: 32/32 MP: 8/11
  3153 | D:4      | HP: 1/32 [orc wizard/+0 dagger (2)]
  3156 | D:4      | Killed from afar by an orc wizard

Levels and vault maps discovered:
D:1:      minmay_arrival_stone_box, layout_loops_corners, minmay_tetromino_l4
D:2:      layout_loops_cross, dk_noncrumbling_2, fountainhead, uniq_natasha
D:3:      layout_basic, ebering_ghost_sewer_f
D:4:      layout_basic, nicolae_overflow_crystal_walls, first_ration

Skill      XL: |  1  2  3  4  5 |
---------------+----------------+-----
Stealth        | 5 6 |  6.8
Hexes          | 5 6 |  6.5
Spellcasting   | 3 |  3.5
Short Blades   | |  1.6
Dodging        | |  2.5

Action                   |  1- 3 |  4- 6 || total
-------------------------+-------+-------++-------
Melee: Dagger            |    12 |       ||    12
       Short sword       |    51 |    79 ||   130
       Bite              |     3 |     3 ||     6
 Cast: Ensorcelled Hiber |    12 |    52 ||    64
       Corona            |       |     1 ||     1
 Abil: Exsanguinate      |       |     1 ||     1
  Use: Potion            |       |     1 ||     1
 Stab: Sleeping          |    16 |    32 ||    48
Armor: Robe              |     5 |     9 ||    14
Dodge: Dodged            |    29 |    39 ||    68
Block: Other             |       |    13 ||    13
